 Dungeon Crawl Stone Soup version 0.25-a0-68-ge58f8a54b6 (webtiles) character file.

Game seed: 12688798850662954733, levelgen mode: deterministic

164 iamserjio the Skirmisher (level 5, -5/39 HPs)
             Began as an Octopode Wanderer on Nov 2, 2019.
             Slain by an iron imp (12 damage)
             ... summoned by Eustachio
             ... on level 3 of the Dungeon.
             The game lasted 00:04:10 (2790 turns).

iamserjio the Skirmisher (Octopode Wanderer)        Turns: 2790, Time: 00:04:10

Health: -5/39      AC:  1    Str: 12    XL:     5   Next: 45%
Magic:  5/5        EV: 14    Int: 13    God:
Gold:   170        SH:  0    Dex: 13    Spells: 4/4 levels left

rFire    . . .     SeeInvis .   a - +2 mace
rCold    . . .     Gourm    .   (no shield)
rNeg     . . .     Faith    .   (helmet restricted)
rPois    .         Spirit   .   (no amulet)
rElec    .         Reflect  .   (no ring)
rCorr    .         Harm     .   (no ring)
MR       .....                  (no ring)
Stlth    +++.......             (no ring)
HPRegen  0.13/turn              (no ring)
MPRegen  0.09/turn              (no ring)
                                (no ring)
                                (no ring)

@: no status effects
A: almost no armour, stealthy swim, amphibious, 8 rings, constrict 8, camouflage
1, gelatinous body 1
a: no special abilities


You were on level 3 of the Dungeon.
You were not hungry.

You visited 1 branch of the dungeon, and saw 4 of its levels.

You collected 170 gold pieces.

Inventory:

Hand Weapons
 a - a +2 mace (weapon)
 c - a +0 dagger
 i - a +0 hunting sling
 u - a +0 trident
Missiles
 f - 2 javelins
 g - 46 sling bullets
 h - 95 stones (quivered)
 j - 17 poisoned darts
 q - 3 boomerangs
Jewellery
 e - an uncursed ring of see invisible {unknown}
 p - an uncursed ring of protection from fire {unknown}
Scrolls
 m - 2 scrolls of remove curse {unknown}
 n - 2 scrolls of enchant armour {unknown}
 o - 2 scrolls of identify {unknown}
 t - a scroll of blinking {unknown}
Potions
 b - 3 potions of lignification
 k - 3 potions of might {unknown}
 l - a potion of heal wounds {unknown}
 s - a potion of flight {unknown}
 v - a potion of curing {unknown}
Comestibles
 d - 6 rations
 r - a chunk of flesh


   Skills:
 * Level 5.2 Fighting
 - Level 1.0 Short Blades
 - Level 2.0 Maces & Flails
 - Level 1.0 Throwing
 + Level 2.9 Dodging
 - Level 2.6 Stealth


You had 4 spell levels left.
You didn't know any spells.
Your spell library was empty.

Dungeon Overview and Level Annotations

Branches:
Dungeon (4/15)
 Temple: D:4-7

Altars:
Dithmenos

Annotations:
D:3 Eustachio


Innate Abilities, Weirdness & Mutations

You cannot wear most types of armour.
You are very stealthy in the water. (Stealth+)
You are amphibious.
You can wear up to eight rings at the same time.
You can use your tentacles to constrict eight enemies at once.
Your skin changes colour to match your surroundings (Stealth+).
Your rubbery body absorbs attacks. (AC +1, EV +1)


Message History

Eustachio mumbles some strange words.
Eustachio blinks free!
You start resting.
Eustachio is too close now for your liking.
Eustachio gestures wildly while chanting.
Eustachio blinks!
Eustachio mumbles some strange words.
Eustachio mumbles some strange words.
Some of the chunks of flesh in your inventory have rotted away.
The shadow imp barely misses you.
You hit Eustachio. Your grab misses Eustachio. The iron imp closely misses you.
Eustachio hits you with a +0 rapier. The shadow imp gestures at you.
Pain shoots through your body!
* * * LOW HITPOINT WARNING * * *
The quokka bites you.
* * * LOW HITPOINT WARNING * * *
You hit Eustachio. Your grab misses Eustachio. You squeeze Eustachio.
The iron imp hits you!
You die...

####### #.####.# #.....# ###
###.# #.# ########.....#
#.###...####.#### #......#.....#
#.....##..<......
.......#.....####..#....#########
.......#.....#.....#..#.# ###
.......'.....#.##....##.## ##.#
#......#.#####..55..##...#####...
#......#.....#..@@.....#.......#.
#......#...#.#...r...#...#####...
......[)....>........##.## ##.#
.....###....[[......#.#.# #.#
##.### #######.#......#.# #.# #.#
#..)#...##.#.# #.# ###
###.#...####.## ##.#
#.#######...#####...
#.........#.......#.


You could see Eustachio, an iron imp, a shadow imp and a quokka.

Vanquished Creatures
  An orc wizard (D:3)
  A hound skeleton (D:4)
  3 adders
  A worm (D:3)
  7 dart slugs
  6 orcs (D:3)
  7 giant cockroaches
  8 goblins
  10 hobgoblins
  3 jackals (D:3)
  A quokka (D:2)
  8 bats
  2 frilled lizards
  5 kobolds
  9 rats
72 creatures vanquished.

Notes
Turn   | Place    | Note
-------+----------+-------------------------------------------
     0 | D:1      | iamserjio the Octopode Wanderer began the quest for the
                  | Orb.
     0 | D:1      | iamserjio set off with the following items: a +2 mace, 2
                  | potions of lignification, a +0 dagger, a ration
     0 | D:1      | Reached XP level 1. HP: 16/16 MP: 1/1
   152 | D:1      | Reached XP level 2. HP: 21/21 MP: 2/2
   353 | D:1      | Reached XP level 3. HP: 27/27 MP: 3/3
   812 | D:2      | Reached skill level 4 in Fighting
   946 | D:2      | Found a shadowy altar of Dithmenos.
  1140 | D:2      | Reached XP level 4. HP: 34/34 MP: 4/4
  2238 | D:3      | Reached XP level 5. HP: 35/38 MP: 5/5
  2242 | D:3      | Reached skill level 5 in Fighting
  2762 | D:4      | Noticed Eustachio
  2790 | D:3      | Slain by an iron imp

Levels and vault maps discovered:
D:1:      dpeg_arrival_prison, layout_loops_ring, minmay_tall_x
D:2:      layout_basic, grunt_dithmenos_smoke_and_mirrors
D:3:      layout_basic, minmay_misc_feat_tower, hangedman_decor_riveting,
          minmay_misc_feat_tiny
D:4:      layout_basic, nicolae_overflow_crystal_walls, uniq_eustachio

Skill      XL: |  1  2  3  4  5 |
---------------+----------------+-----
Fighting       | 4 5 |  5.2
Dodging        | 2 |  2.9
Short Blades   | |  1.0
Maces & Flails | |  2.0
Throwing       | |  1.0
Stealth        | |  2.6

Action                   |  1- 3 |  4- 6 || total
-------------------------+-------+-------++-------
Melee: Mace              |    52 |    77 ||   129
       Constrict         |    11 |    23 ||    34
       Tentacles         |     8 |    14 ||    22
 Stab: Sleeping          |    13 |    10 ||    23
  Eat: Chunk             |     1 |     5 ||     6
Armor: Skin              |     5 |     8 ||    13
Dodge: Dodged            |    30 |    63 ||    93

Table legend:
 A = Non-vault XP
 B = Vault XP
 C = Vault XP percentage of total XP
 D = Non-vault monster count
 E = Vault monster count
 F = Vault count percentage of total count
                 A         B        C        D         E       F
            +---------+---------+-------+---------+---------+-------
      Total |     225 |      10 |   4.3 |      66 |       6 |   8.3
            +---------+---------+-------+---------+---------+-------
        D:1 |      34 |      10 |  22.7 |      16 |       6 |  27.3
        D:2 |      68 |       0 |   0.0 |      25 |       0 |   0.0
        D:3 |     105 |       0 |   0.0 |      24 |       0 |   0.0
        D:4 |      18 |       0 |   0.0 |       1 |       0 |   0.0
            +---------+---------+-------+---------+---------+-------
